cohdb
Replays
Latest Replays
All Replays
Popular Replays
Top Player Replays
Match Explorer
How It Works
Community
CoH3 Stats
Reddit
Sign in to upload your games and track your stats! →
Sign in with Steam
Match 41636577
Unlisted
Match 41636577
Overview
Messages
Build Orders
End
Panzergrenadier Squad
Panzergrenadier Squad
250 Light Carrier
Panzergrenadier Squad
Panzerpioneer Squad
Construct Light Support Kompanie
Panzerjäger Mechanized Group
Fire Support Elements
2.5-tonne Medical Truck
Selects Armored Support Battlegroup
Selects Salvage Kits
Flakvierling Half-track
Selects Panzer Storm
Selects Veteran Gunners
Construct Panzerarmee Kommand
Panzer III L Medium Tank
Assault Mechanized Group
Panzer III L Medium Tank
Vehicle Survival Package
Selects Flammpanzer III Medium Tank
MG34 Team
Armored Reserves
Panzer IV Assault Group
Panzer III L Medium Tank
Emergency Repair Kits
Mo-J
Wheeler
VeryTricky
Sammymcdougle
0
0
Comments
sign in to comment!
No comments posted yet!